 Dungeon Crawl Stone Soup version 0.28.0-43-g3370ac3207 (webtiles) character file.

Game seed: 12767074367785232876

16 cbfl8 the Sneak (level 2, -5/27 HPs)
             Began as a Minotaur Delver on Mar 24, 2022.
             Slain by an iguana (11 damage)
             ... on level 5 of the Dungeon.
             The game lasted 00:00:48 (350 turns).

cbfl8 the Sneak (Minotaur Delver)                    Turns: 350, Time: 00:00:49

Health: -5/27      AC:  3    Str: 16    XL:     2   Next: 37%
Magic:  1/1        EV: 11    Int:  7    God:
Gold:   18         SH:  0    Dex: 11    Spells: 1/1 levels left

rFire   . . .      SeeInvis .   d - +0 war axe
rCold   . . .      Faith    .   (no shield)
rNeg    . . .      Spirit   .   b - +0 leather armour
rPois   .          Reflect  .   (helmet restricted)
rElec   .          Harm     .   (no cloak)
rCorr   .          Rampage  .   (no gloves)
Will    .....                   (no boots)
Stlth   ++........              (no amulet)
HPRegen 0.09/turn               (no ring)
MPRegen 0.07/turn               (no ring)

@: no status effects
A: horns 2, retaliatory headbutt
a: no special abilities


You were on level 5 of the Dungeon.
You visited 1 branch of the dungeon, and saw 1 of its levels.

You collected 18 gold pieces.

Inventory:

Hand Weapons
 a - a +0 hand axe
 d - a +0 war axe (weapon)
Armour
 b - a +0 leather armour (worn)
Wands
 g - a wand of digging (3)
Scrolls
 c - a scroll of fog
 e - 2 scrolls of fear
Potions
 f - a potion of haste
 h - a potion of mutation {unknown}
 i - a potion of might {unknown}


   Skills:
 + Level 4.1 Fighting
 + Level 2.4 Axes
 + Level 2.2 Dodging
 + Level 4.4 Stealth


You had one spell level left.
You didn't know any spells.
Your spell library was empty.

Dungeon Overview and Level Annotations

Branches:
Dungeon (5/15)
 Temple: D:4-7

Altars:


Innate Abilities, Weirdness & Mutations

You have a pair of horns on your head.
You reflexively headbutt those who attack you in melee.


Message History

The orc wizard shouts!
The iguana hisses angrily.
The orc wizard moves out of view.
The adder hisses angrily.
Found a square diamond amulet.
The orc shouts!
The orc priest shouts!
You hit the iguana but do no damage. The iguana bites you!
You barely miss the iguana. The iguana barely misses you.
The orc priest mumbles some strange prayers to Beogh against you.
Beogh smites you! The iguana closely misses you.
You hit the iguana.
The iguana is moderately wounded.
The iguana barely misses you.
You hit the iguana. Your headbutt misses the iguana.
The iguana is heavily wounded.
You hit the orc wizard. The orc wizard casts a spell at you.
The magic dart hits you.
* * * LOW HITPOINT WARNING * * *
The iguana misses you. The orc wizard barely misses you.
You closely miss the iguana.
The iguana is heavily wounded.
You barely miss the orc wizard. The iguana misses you. You furiously retaliate!
You headbutt the iguana, but do no damage.
The iguana barely misses you.
Unknown command.
You hit the iguana but do no damage.
You headbutt the iguana, but do no damage.
The iguana is heavily wounded.
You slash the orc!
You kill the orc!
You hit the orc wizard.
The orc wizard hits you with a +0 dagger.
* * * LOW HITPOINT WARNING * * *
The iguana closely misses you.
The orc wizard hits you but does no damage.
You hit the iguana.
The iguana is severely wounded.
You barely miss the orc wizard. You barely miss the orc priest.
The iguana bites you!
You die...

#############*
...#.........**###**
...#.......(.#,...,* *** ***
...'..........,.>#,* *,* *,*
(..#.........#"#.#,* *,* *,*
...#.........#.#.#,* *,* *,*
...#.........#,..#,# *,*****,*
####.........###o#.#####*,*,,,,,*
# #.........##o@lS.....,,,,,,*,,
## #.........##.##.#####*<,,*****
.###...................**,*******
..########.##.########.**,***,,,,
......<[.#.##.# ******,**,,,,,,**
..###....#.##.# *,,,,,,,,**,*,,*
...##....#.##.# *,,,,,,,,**,*,,**
#.............# *,,,,,,,,,,,,,,,,
#...#....#.#### *,,,,,,,,****,,**


You could see an iguana, an orc priest, an orc wizard and an adder.

Vanquished Creatures
  An ufetubus (D:5)
  5 orcs (D:5)
6 creatures vanquished.

Notes
Turn   | Place    | Note
-------+----------+-------------------------------------------
     0 | D:5      | cbfl8 the Minotaur Delver began the quest for the Orb.
     0 | D:5      | Reached XP level 1. HP: 19/19 MP: 0/0
    17 | D:5      | Noticed a quasit
    17 | D:5      | Noticed a quasit
    43 | D:5      | Reached XP level 2. HP: 11/27 MP: 1/1
   350 | D:5      | Slain by an iguana

Illustrated notes

Levels and vault maps discovered:
D:5:      cheibrodos_quashed, layout_basic, uniq_menkaure, uniq_pikel,
          uniq_sigmund

Skill      XL: |  1 |
---------------+----+-----
Fighting       | 4 |  4.1
Axes           | |  2.4
Dodging        | |  2.2
Stealth        | |  4.4

Action                   || total
-------------------------++-------
Melee: Hand axe          ||    11
       Headbutt          ||     3
       War axe           ||     7
  Use: Scroll            ||     1
Armor: Leather armour    ||     1
Dodge: Dodged            ||    18
